 Dungeon Crawl Stone Soup version 0.19.3 (webtiles) character file.

740 Jynx the Chiller (level 7, -13/46 HPs)
             Began as a Demonspawn Ice Elementalist on Jan 23, 2017.
             Mangled by an ogre
             ... wielding a +0 giant spiked club
              (28 damage)
             ... on level 5 of the Dungeon.
             The game lasted 00:09:05 (5191 turns).

Jynx the Chiller (Demonspawn Ice Elementalist)      Turns: 5191, Time: 00:09:05

Health: -13/46     AC:  8    Str:  9    XL:     7   Next: 46%
Magic:  7/13       EV: 17    Int: 18    God:
Gold:   194        SH:  0    Dex: 13    Spells: 2 memorised, 10 levels left

rFire  . . .     SeeInvis .       - Unarmed
rCold  . . .     Gourm    .     a - +0 robe
rNeg   . . .     Faith    .     (no shield)
rPois  .         Spirit   .     (no helmet)
rElec  .         Reflect  .     (no cloak)
rCorr  .         Harm     .     (no gloves)
MR     +....                    (no boots)
Stlth  +++.......               (no amulet)
                                l - ring of protection from magic
                                h - +3 ring of evasion

@: icy armour, slow
A: claws 2, nightstalker 1
a: no special abilities


You were on level 5 of the Dungeon.
You were hungry.

You visited 1 branch of the dungeon, and saw 5 of its levels.

You collected 194 gold pieces.

Inventory:

Armour
 a - a +0 robe (worn)
Jewellery
 h - a +3 ring of evasion (left claw)
 l - a ring of protection from magic (right claw)
 n - an uncursed ring of flight
 s - a cursed ring of loudness {unknown}
Scrolls
 d - 2 scrolls of amnesia {unknown}
 e - 8 scrolls of identify {unknown}
 j - 3 scrolls of enchant weapon {unknown}
 k - a scroll of enchant armour {unknown}
 m - 2 scrolls of blinking {unknown}
 o - a scroll of magic mapping {unknown}
 p - 2 scrolls of remove curse {unknown}
 r - a scroll of immolation {unknown}
Potions
 g - a potion of ambrosia {unknown}
 i - a potion of lignification {unknown}
 q - a potion of mutation {unknown}
 t - 3 potions of curing {unknown}
 w - a potion of agility {unknown}
 z - a potion of heal wounds {unknown}
Books
 b - a book of Frost

   Spells                             Type                      Level
   a - Freeze                         Ice                          1
   b - Throw Frost                    Conjuration/Ice              2
   c - Ozocubu's Armour               Charms/Ice                   3
   d - Throw Icicle                   Conjuration/Ice              4
   e - Summon Ice Beast               Ice/Summoning                4
Comestibles
 c - 4 bread rations
 f - 3 meat rations
 v - a slice of pizza
 x - 3 fruits


   Skills:
 + Level 3.9 Dodging
 - Level 1.7 Stealth
 + Level 2.2 Unarmed Combat
 + Level 4.1 Spellcasting
   Level 1.0 Conjurations
 * Level 5.5 Ice Magic


You had 10 spell levels left.
You knew the following spells:

 Your Spells              Type           Power        Failure   Level  Hunger
a - Freeze                Ice            ###.         1%          1    None
b - Ozocubu's Armour      Chrm/Ice       ##......     17%         3    ###....


Dungeon Overview and Level Annotations

Branches:
Dungeon (5/15)
 Temple: D:4-7

Altars:
Dithmenos
Makhleb


Innate Abilities, Weirdness & Mutations

You have very sharp fingernails.
You are slightly more attuned to the shadows.


Message History

You are feeling hungry.
The ogre completely misses you.
You claw the ogre!
The ogre is moderately wounded.
You barely miss the ogre.
The ogre is moderately wounded.
The ogre closely misses you.
You completely miss the ogre.
The ogre is moderately wounded.
The ogre misses you.
You claw the ogre!
The ogre is severely wounded.
You scratch the ogre.
The ogre is severely wounded.
The phantom blinks!
The ogre misses you.
You scratch the ogre.
The ogre is almost dead.
The ogre hits you with a giant spiked club!!
Ouch! That really hurt!
You die...

#.# #.# #.##.### #.#
#.# #.##.# #.#
#.###.##.#
######.#####
#.##...#.#
#..........#
#....#...#
#.####W###.#
##......### ##.# #.#
#.# #......## ...#
#.###.##########...###
####
#.......§O@.......##
#######.###########
#....... ########


You could see an ogre.

Vanquished Creatures
  An ogre (D:5)
  Blork the orc (D:4)
  2 scorpions (D:4)
  A howler monkey (D:4)
  A crimson imp (D:4)
  A bullfrog zombie (D:5)
  2 hounds (D:5)
  2 iguanas (D:4)
  An orc wizard (D:4)
  A worker ant (D:3)
  A worker ant zombie (D:4)
  4 gnolls
  4 adders
  An ooze (D:2)
  2 adder skeletons
  3 worms
  3 dart slugs
  5 leopard geckos
  14 orcs
  A ball python (D:3)
  7 giant cockroaches
  11 goblins
  5 hobgoblins
  4 jackals
  10 kobolds
  A quokka (D:4)
  14 bats
  5 frilled lizards
  A jackal skeleton (D:4)
  9 rats
118 creatures vanquished.

Notes
Turn   | Place    | Note
-------+----------+-------------------------------------------
     0 | D:1      | Jynx the Demonspawn Ice Elementalist began the quest for the Orb.
     0 | D:1      | Reached XP level 1. HP: 13/13 MP: 3/3
   295 | D:1      | Gained mutation: You have sharp fingernails. [demonic ancestry]
   295 | D:1      | Reached XP level 2. HP: 9/19 MP: 1/5
   485 | D:1      | Reached skill level 3 in Ice Magic
   910 | D:1      | Reached XP level 3. HP: 14/24 MP: 1/6
  1672 | D:2      | Gained mutation: You have very sharp fingernails. [demonic ancestry]
  1672 | D:2      | Reached XP level 4. HP: 19/30 MP: 0/7
  1889 | D:2      | Learned a level 3 spell: Ozocubu's Armour
  2520 | D:3      | Reached skill level 4 in Ice Magic
  3038 | D:3      | Reached XP level 5. HP: 34/35 MP: 5/9
  3341 | D:4      | Noticed Blork the orc
  3355 | D:4      | Killed Blork the orc
  3355 | D:4      | Reached skill level 1 in Unarmed Combat
  3727 | D:4      | Reached XP level 6. HP: 29/41 MP: 6/11
  4336 | D:4      | Reached skill level 5 in Ice Magic
  4473 | D:4      | Gained mutation: You are slightly more attuned to the shadows. [demonic ancestry]
  4473 | D:4      | Reached XP level 7. HP: 39/46 MP: 9/12
  4875 | D:5      | Entered Level 5 of the Dungeon
  4903 | D:5      | Found a shadowy altar of Dithmenos.
  4903 | D:5      | Found a burning altar of Makhleb.
  5191 | D:5      | Mangled by an ogre

Skill      XL: |  1  2  3  4  5  6  7 |
---------------+----------------------+-----
Dodging        | 2 3 |  3.9
Ice Magic      | 3 4 5 |  5.5
Spellcasting   | 3 4 |  4.1
Unarmed Combat | 1 2 |  2.2
Stealth        | |  1.7
Conjurations   | |  1.0

Action                   |  1- 3 |  4- 6 |  7- 9 || total
-------------------------+-------+-------+-------++-------
Melee: Unarmed           |    63 |   116 |    76 ||   255
 Cast: Freeze            |    54 |    98 |    28 ||   180
       Ozocubu's Armour  |       |       |     2 ||     2
 Stab: Sleeping          |     1 |     2 |     6 ||     9
       Distracted        |       |       |     1 ||     1
  Eat: Chunk             |     3 |     9 |     2 ||    14
Armor: Robe              |    15 |    18 |     8 ||    41
Dodge: Dodged            |    87 |   165 |    77 ||   329
